 Dungeon Crawl Stone Soup version 0.29-a0-1009-g60c99734e7 (webtiles) character file.

Game seed: 3687658397243091707

32 wingedge the Covered (level 3, -1/40 HPs)
             Began as a Human Wanderer on Aug 9, 2022.
             Succumbed to an adder's poison
             ... on level 2 of the Dungeon.
             The game lasted 00:03:39 (1464 turns).

wingedge the Covered (Human Wanderer)               Turns: 1464, Time: 00:03:39

Health: -1/40      AC: 21    Str: 16    XL:     3   Next: 42%
Magic:  3/3        EV:  2    Int:  8    God:
Gold:   40         SH:  0    Dex: 14    Spells: 2/2 levels left

rFire   . . .      SeeInvis .   g - +0 hand axe
rCold   . . .      Faith    .   (no shield)
rNeg    . . .      Spirit   .   (body armour currently unavailable)
rPois   +          Reflect  .   (helmet currently unavailable)
rElec   .          Harm     .   (cloak currently unavailable)
rCorr   .          Rampage  .   (gloves currently unavailable)
Will    .....      NoTele   +   (boots currently unavailable)
Stlth   +.........              (no amulet)
HPRegen 0.13/turn               (no ring)
MPRegen 0.08/turn               (no ring)

@: lethally poisoned (-1 -> -8), tree-form
A: stationary, stasis, torment immunity, boosted hp, (shaggy fur 1), wild magic
1
a: no special abilities


You were on level 2 of the Dungeon.
You were a tree.
You visited 1 branch of the dungeon, and saw 2 of its levels.

You collected 40 gold pieces.

Inventory:

Hand Weapons
 a - a +0 club
 g - a +0 hand axe (weapon)
Armour
 e - a +2 scale mail (melded)
Scrolls
 d - 2 scrolls of teleportation
 h - 3 scrolls of identify {unknown}
 i - a scroll of magic mapping {unknown}
Potions
 b - a potion of attraction
 j - a potion of mutation
Miscellaneous
 c - a piece from Xom's chessboard (13/15) (quivered)


   Skills:
 - Level 2.0 Fighting
 + Level 1.2(1.4) Axes
 - Level 1.0(1.3) Maces & Flails
 - Level 5.0 Armour
 - Level 1.0 Dodging
 - Level 1.0 Unarmed Combat
 - Level 1.0 Invocations
 - Level 2.0 Evocations


You had 2 spell levels left.
You didn't know any spells.
Your spell library was empty.

Dungeon Overview and Level Annotations

Branches:
Dungeon (2/15)

Altars:

Annotations:
D:2 Natasha


Innate Abilities, Weirdness & Mutations

You are a tree.
Your roots penetrate the ground, keeping you stationary.
You cannot be teleported.
You are immune to unholy pain and torment.
Your maximum health is greatly increased.
Your equipment is partially melded.
((You are covered in fur. (AC +1)))
Your spells are a little harder to cast, but a little more powerful.


Message History

You hit the adder.
The adder is almost dead.
You hit Natasha. The adder bites you.
You are poisoned.
The adder poisons you!
The crimson imp blinks!
Natasha claws you. The adder bites you.
You are more poisoned.
The adder poisons you!
The crimson imp blinks!
Natasha claws you but does no damage.
Okay, then.
You make a move on Xom's chessboard...
The shadow imp appears confused.
You feel very sick.
The shadow imp completely misses the adder.
The shadow imp hits itself.
The adder bites you but does no damage. Natasha claws you.
You closely miss the adder.
The adder is almost dead.
You closely miss Natasha.
You feel sick. The adder barely misses you.
The crimson imp blinks!
The adder bites you.
You are lethally poisoned!
The adder poisons you! Natasha claws you but does no damage.
It was a potion of mutation.
You feel extremely strange.
You feel less in control of your magic. Fur sprouts all over your body.
* * * LOW HITPOINT WARNING * * *
You feel very sick. The adder bites you but does no damage. Natasha claws you.
* * * LOW HITPOINT WARNING * * *
Okay, then.
It was a potion of lignification.
You turn into a tree.
Your +2 scale mail melds into your body.
Your roots penetrate the ground.
* * * LOW HITPOINT WARNING * * *
You feel sick. The adder bites you.
* * * LOW HITPOINT WARNING * * *
The crimson imp blinks!
Natasha wildly gestures.
You feel disoriented. Natasha claws you but does no damage.
You make a move on Xom's chessboard...
The adder is outlined in light.
You die...

#............#
#.....§......#
#............#
#............#
#....5.......#
..#...!........#
#.#......S.....#
#.#.....♣h.....# #.#
#.#......5.....# #.#
#.#............# #.###
#.#............#
......##.#............#
#.....................#
#.######.#............#
##.######.##.###########
..........##.#


You could see Natasha, a crimson imp (summoned), an adder (corona) and a shadow
imp (summoned, confused).

Vanquished Creatures
  A dart slug (D:1)
  3 endoplasms
  A giant cockroach (D:1)
  3 hobgoblins
  4 kobolds (D:1)
  3 quokkas (D:1)
  3 ball pythons (D:1)
  A bat (D:1)
  A frilled lizard (D:1)
  4 goblins (D:1)
  3 rats (D:1)
27 creatures vanquished.

Notes
Turn   | Place    | Note
-------+----------+-------------------------------------------
     0 | D:1      | wingedge the Human Wanderer began the quest for the Orb.
     0 | D:1      | wingedge set off with the following items: a +0 club, a
                  | potion of attraction, a piece from Xom's chessboard
                  | (15/15), a scroll of teleportation, a +2 scale mail.
     0 | D:1      | Reached XP level 1. HP: 15/15 MP: 1/1
   107 | D:1      | Reached skill level 1 in Maces & Flails
   193 | D:1      | Reached XP level 2. HP: 19/22 MP: 2/2
   678 | D:1      | Reached XP level 3. HP: 27/27 MP: 3/3
   690 | D:1      | Reached skill level 1 in Dodging
  1183 | D:1      | Reached skill level 1 in Axes
  1453 | D:2      | Noticed Natasha
  1462 | D:2      | Gained mutation: Your spells are a little harder to cast,
                  | but a little more powerful. [potion of mutation]
  1462 | D:2      | Gained mutation: You are covered in fur. (AC +1) [potion of
                  | mutation]
  1463 | D:2      | HP: 1/40 [adder (2)]
  1464 | D:2      | Succumbed to an adder's poison

Illustrated notes

Levels and vault maps discovered:
D:1:      dpeg_arrival_shrine, layout_basic
D:2:      layout_basic, serial_shops, nicolae_shop_trees, uniq_natasha

Skill      XL: |  1  2  3 |
---------------+----------+-----
Maces & Flails | 1 |  1.0
Fighting       | 2 |  2.0
Dodging        | 1 |  1.0
Axes           | 1 |  1.2
Armour         | |  5.0
Unarmed Combat | |  1.0
Invocations    | |  1.0
Evocations     | |  2.0

Action                   || total
-------------------------++-------
Melee: Club              ||    71
       Hand axe          ||    28
       Punch             ||     2
Evoke: Piece from Xom's  ||     2
  Use: Potion            ||     2
Armor: Scale mail        ||    57
       Skin              ||     1
Dodge: Dodged            ||    55

Table legend: (Time is in decaauts)
 A = Elapsed time spent in this place.
 B = Non-inter-level travel time spent in this place.
 C = Inter-level travel time spent in this place.
 D = Time resting spent in this place.
 E = Time spent auto-exploring this place.
 F = Levels seen in this place.
 G = Mean time per level.
                   A        B        C        D        E       F      G
               +--------+--------+--------+--------+--------+-----+--------+
         Total |   1490 |   1450 |     40 |    257 |    914 |   2 |  745.0 |
       Dungeon |   1490 |   1450 |     40 |    257 |    914 |   2 |  745.0 |
               +--------+--------+--------+--------+--------+-----+--------+

Top non-repeatable levels by time:
     D:1: 1440 daAuts
     D:2: 49 daAuts
